 Dungeon Crawl Stone Soup version 0.29.1-2-gbd0b4ee654 (webtiles) character file.

Game seed: 3215824601172899974

14 LustLizard the Insei (level 2, -7/18 HPs)
             Began as an Octopode Transmuter on Nov 30, 2022.
             Mangled by Terence
             ... wielding a +0 flail
              (10 damage)
             ... on level 2 of the Dungeon.
             The game lasted 00:00:51 (341 turns).

LustLizard the Insei (Octopode Transmuter)           Turns: 341, Time: 00:00:51

Health: -7/18      AC:  1    Str:  9    XL:     2   Next: 45%
Magic:  3/5        EV: 13    Int: 15    God:
Gold:   0          SH:  0    Dex: 12    Spells: 2/5 levels left

rFire   . . .      SeeInvis .     - Unarmed
rCold   . . .      Faith    .   (no shield)
rNeg    . . .      Spirit   .   (helmet currently unavailable)
rPois   .          Reflect  .   (no amulet)
rElec   .          Harm     .   (no ring)
rCorr   .          Rampage  .   (no ring)
Will    .....                   (no ring)
Stlth   ++........              (no ring)
HPRegen 0.06/turn               (no ring)
MPRegen 0.09/turn               (no ring)
                                (no ring)
                                (no ring)

@: appendages (expiring), wereblooded
A: tentacle spike 3, almost no armour, amphibious, 8 rings, camouflage 1,
gelatinous body 1, (nimble swimmer 1), tentacles
a: End Transformation


You were on level 2 of the Dungeon.
One of your tentacles had grown a beastly spike.
You visited 1 branch of the dungeon, and saw 2 of its levels.

Inventory:

Scrolls
 b - 2 scrolls of teleportation {unknown}
Potions
 a - a potion of lignification
 c - a potion of heal wounds {unknown}
 d - a potion of might {unknown}


   Skills:
 + Level 1.4 Fighting
 - Level 2.0 Dodging
 * Level 3.4 Unarmed Combat
 - Level 2.0 Spellcasting
 + Level 2.2 Transmutations


You had 2 spell levels left.
You knew the following spells:

 Your Spells              Type           Power      Damage    Failure   Level
a - Beastly Appendage     Tmut           16%        N/A       9%          1
b - Wereblood             Tmut           8%         N/A       13%         2

Your spell library contained the following spells:

 Spells                   Type           Power      Damage    Failure   Level
 Spider Form              Tmut/Pois      4%         N/A       38%         3
 Ice Form                 Ice/Tmut       4%         N/A       80%         4


Dungeon Overview and Level Annotations

Branches:
Dungeon (2/15)

Altars:

Annotations:
D:2 Terence


Innate Abilities, Weirdness & Mutations

One of your tentacles has grown a beastly spike.
You cannot wear most types of armour.
You are amphibious.
You can wear up to eight rings at the same time.
Your skin changes colour to match your surroundings (Stealth+).
Your rubbery body absorbs attacks. (AC +1, EV +1)
((You are camouflaged when in or above water. (Stealth+)))
You have tentacles for arms and can constrict up to eight enemies at once.


Message History

Found a stone staircase leading down.
An endoplasm is nearby!
Found a stone staircase leading up.
Terence and a quokka come into view.
Terence shouts!
Casting: Beastly Appendage (safe; 9% risk of failure)
Confirm with . or Enter, or press ? or * to list all spells.
You extend your transformation's duration.
The endoplasm quivers.
Casting: Beastly Appendage (safe; 9% risk of failure)
Confirm with . or Enter, or press ? or * to list all spells.
Your blood is infused with primal strength.
You tentacle-slap the endoplasm.
The endoplasm is lightly wounded.
The endoplasm freezes you.
You are frozen.
You tentacle-slap the endoplasm.
The endoplasm is heavily wounded.
The endoplasm closely misses you. The quokka bites you.
You tentacle-slap the endoplasm.
You feel a bit better.
You kill the endoplasm!
The quokka bites you.
You tentacle-slap Terence. You grab Terence.
Terence is lightly wounded.
You constrict Terence, but do no damage.
Terence closely misses you. The quokka closely misses you.
You tentacle-slap Terence but do no damage.
Terence is lightly wounded.
You constrict Terence. Terence misses you. The quokka barely misses you.
You tentacle-slap Terence.
You pierce Terence, but do no damage.
Terence is moderately wounded.
Your transformation is almost over.
You constrict Terence. The quokka bites you. Terence hits you with a +0 flail!
* * * LOW HITPOINT WARNING * * *
You tentacle-slap Terence but do no damage.
Terence is heavily wounded.
You constrict Terence, but do no damage.
The quokka closely misses you. Terence hits you with a +0 flail!
Ouch! That really hurt!
You die...

#. .## ..# #.#
#.# ##.## ###
###...####.....
#..............
#.#@r..#####..>
#.##@...# .
#....# .
#.....# .#
.J.........
@...........#
..##..........#
. #.#.#....###
...##..<.#


You could see Terence and a quokka.

Vanquished Creatures
  A ball python (D:1)
  A bat (D:1)
  2 endoplasms
  2 goblins (D:1)
  2 hobgoblins
  2 jackals (D:1)
  A frilled lizard (D:1)
11 creatures vanquished.

Notes
Turn   | Place    | Note
-------+----------+-------------------------------------------
     0 | D:1      | LustLizard the Octopode Transmuter began the quest for the
                  | Orb.
     0 | D:1      | Reached XP level 1. HP: 13/13 MP: 3/3
   270 | D:1      | Reached XP level 2. HP: 18/18 MP: 3/5
   304 | D:1      | Learned a level 2 spell: Wereblood
   310 | D:1      | You fall into a shaft and drop 1 floor!
   329 | D:2      | Noticed Terence
   341 | D:2      | Mangled by Terence

Illustrated notes

Levels and vault maps discovered:
D:1:      dpeg_chamrin_arrival_tetris, layout_basic,
          shapermc_ecumenical_altar_hornbeckon, st_stairs_10
D:2:      layout_loops_ring, grunt_decor_one_mirror, uniq_terence

Action                   || total
-------------------------++-------
Melee: Unarmed           ||    25
       Constrict         ||     7
       Kick              ||     7
       Tentacles         ||     1
 Cast: Beastly Appendage ||     6
       Wereblood         ||     1
 Stab: Sleeping          ||     2
Armor: Skin              ||     2
Dodge: Dodged            ||    12
